 Dungeon Crawl Stone Soup version 0.26-a0-1101-g8f9f7f7418 (webtiles) character file.

Game seed: 7106358145163122043

172 KristoblXynda the Slasher (level 5, -3/45 HPs)
             Began as a Draconian Gladiator on Dec 15, 2020.
             Slain by an adder (4 damage)
             ... on level 3 of the Dungeon.
             The game lasted 00:03:33 (2058 turns).

KristoblXynda the Slasher (Draconian Gladiator)     Turns: 2058, Time: 00:03:35

Health: -3/45      AC:  5    Str: 17    XL:     5   Next: 27%
Magic:  5/5        EV:  2    Int:  9    God:
Gold:   86         SH:  0    Dex: -2 (12) Spells: 4/4 levels left

rFire    + . .     SeeInvis .   a - +0 long sword
rCold    . . .     Faith    .   (no shield)
rNeg     . . .     Spirit   .   (armour unavailable)
rPois    .         Reflect  .   b - +0 hat
rElec    .         Harm     .   (no cloak)
rCorr    .         Rampage  .   (no gloves)
Will     .....                  (no boots)
Stlth    ..........             (no amulet)
HPRegen  0.15/turn              h - ring of protection from fire
MPRegen  0.09/turn              i - ring of flight

@: lethally poisoned (-3 -> -13), slowed, lost dexterity, very slow
A: unfitting armour, wild magic 1, evolution 1, cold-blooded, AC +5
a: Evoke Flight


You were on level 3 of the Dungeon.
You visited 1 branch of the dungeon, and saw 3 of its levels.

You collected 86 gold pieces.

Inventory:

Hand Weapons
 a - a +0 long sword (weapon)
Missiles
 f - 3 throwing nets (quivered)
Armour
 b - a +0 hat (worn)
Jewellery
 d - an uncursed ring of magical power
 h - a ring of protection from fire (left hand)
 i - a ring of flight (right hand)
 r - an uncursed ring of protection from fire
Scrolls
 c - a scroll of teleportation {unknown}
 e - 2 scrolls of remove curse
Potions
 j - 2 potions of attraction


   Skills:
 + Level 3.4 Fighting
 + Level 3.9 Long Blades
 + Level 2.9 Throwing
 + Level 3.6 Dodging


You had 4 spell levels left.
You didn't know any spells.
Your spell library was empty.

Dungeon Overview and Level Annotations

Branches:
Dungeon (3/15)

Altars:
Yredelemnul


Innate Abilities, Weirdness & Mutations

Your plain brown scales are hard. (AC +5)
You cannot fit into any form of body armour.
You are cold-blooded and may be slowed by cold attacks.
Your spells are a little harder to cast, but a little more powerful.
You evolve.


Message History

The adder bites you.
* * * LOW HITPOINT WARNING * * *
You are more poisoned.
The adder poisons you! The adder bites you.
* * * LOW HITPOINT WARNING * * *
You are more poisoned.
The adder poisons you!
You closely miss the adder.
Your tail-slap misses the adder.
The adder is lightly wounded.
* * * LOW HITPOINT WARNING * * *
You feel sick. The adder bites you.
* * * LOW HITPOINT WARNING * * *
The adder barely misses you.
Your unstable footing causes you to fumble your attack.
* * * LOW HITPOINT WARNING * * *
You feel sick. The adder bites you but does no damage.
The adder completely misses you.
You riposte.
Your unstable footing causes you to fumble your attack.
The adder bites you.
You die...

### *** ##≈######≈#* *
#≈≈≈Sr≈≈≈≈≈* *
#≈≈@#***≈≈≈* *
##≈##≈≈**≈** *
#≈#≈≈∩≈*≈* * #≈#≈≈≈≈*≈*
* ##≈##≈≈**≈*######***
#≈†≈#≈≈*≈≈≈#....,,,,
#≈≈≈#≈≈≈≈≈≈#..####**
##≈####**≈##......,,
######.##.#####...#*****


You could see an adder and a rat.

Vanquished Creatures
  A quasit (D:3)
  Natasha (thrice) (D:2)
  3 dart slugs
  2 leopard geckos
  3 giant cockroaches
  2 gnoll zombies (D:2)
  4 goblins
  6 hobgoblins
  9 jackals
  2 quokkas (D:2)
  2 ball pythons
  2 bats (D:1)
  4 frilled lizards
  8 kobolds
  7 rats
58 creatures vanquished.

Notes
Turn   | Place    | Note
-------+----------+-------------------------------------------
     0 | D:1      | KristoblXynda the Draconian Gladiator began the quest for
                  | the Orb.
     0 | D:1      | Reached XP level 1. HP: 17/17 MP: 1/1
   187 | D:1      | Reached XP level 2. HP: 21/25 MP: 2/2
   835 | D:1      | Reached XP level 3. HP: 30/30 MP: 3/3
  1470 | D:2      | Noticed Natasha
  1485 | D:2      | Killed Natasha
  1486 | D:2      | Reached XP level 4. HP: 30/38 MP: 4/4
  1585 | D:2      | Noticed Natasha
  1594 | D:2      | Killed Natasha
  1684 | D:2      | Noticed Natasha
  1692 | D:2      | Killed Natasha
  1772 | D:2      | Found a basalt altar of Yredelemnul.
  1882 | D:3      | Gained mutation: You evolve. [potion of mutation]
  1882 | D:3      | Gained mutation: Your spells are a little harder to cast,
                  | but a little more powerful. [potion of mutation]
  1884 | D:3      | Lost dexterity.
  1911 | D:3      | Reached XP level 5. HP: 8/45 MP: 5/5
  2058 | D:3      | HP: 1/45 [poisoned by an adder]
  2058 | D:3      | Slain by an adder

Illustrated notes

Levels and vault maps discovered:
D:1:      dpeg_arrival_orchard, layout_basic
D:2:      layout_rooms, lemuel_zombie_altar_yredelemnul, uniq_natasha
D:3:      layout_loops_ring, gup_sewer_entry_bubbles, minmay_misc_feat_ornament,
          minmay_door_square, fountainhead

Skill      XL: |  1  2  3 |
---------------+----------+-----
Throwing       | 2 |  2.9
Dodging        | 3 |  3.6
Fighting       | 3 |  3.4
Long Blades    | |  3.9

Action                   |  1- 3 |  4- 6 || total
-------------------------+-------+-------++-------
Melee: Long sword        |   114 |   115 ||   229
       Tailslap          |    13 |     7 ||    20
Throw: Throwing net      |       |     3 ||     3
  Use: Scroll            |       |     6 ||     6
       Potion            |       |     4 ||     4
 Stab: Sleeping          |     2 |     1 ||     3
Armor: Skin              |    32 |   244 ||   276
Dodge: Dodged            |   103 |   137 ||   240
       Rpst.: Long sword |    36 |    22 ||    58

Table legend: (Time is in decaauts)
 A = Elapsed time spent in this place.
 B = Non-inter-level travel time spent in this place.
 C = Inter-level travel time spent in this place.
 D = Time resting spent in this place.
 E = Time spent auto-exploring this place.
 F = Levels seen in this place.
 G = Mean time per level.
                   A        B        C        D        E       F      G
               +--------+--------+--------+--------+--------+-----+--------+
         Total |   2211 |   2184 |     27 |    189 |   1336 |   3 |  737.0 |
       Dungeon |   2211 |   2184 |     27 |    189 |   1336 |   3 |  737.0 |
               +--------+--------+--------+--------+--------+-----+--------+

Top non-repeatable levels by time:
     D:1: 1004 daAuts
     D:2: 834 daAuts
     D:3: 372 daAuts
